 Dungeon Crawl Stone Soup version 0.30-b1-2-g02819fbbbe (webtiles) character file.

Game seed: 13891897499785933757

35259 redmage the Summoner (level 14, -1/107 HPs)
             Began as a Meteoran Earth Elementalist on Aug 3, 2023.
             Was the Champion of Cheibriados.
             Slain by a dire elephant simulacrum (25 damage)
             ... on level 5 of the Lair of Beasts on Aug 4, 2023.
             The game lasted 01:36:26 (4552 turns).

redmage the Summoner (Meteoran Earth Elementalist)  Turns: 4552, Time: 01:36:26

Health: -1/107     AC: 12    Str: 31    XL:     14   Next: 52%
Magic:  15/33      EV: 22    Int: 42    God:    Cheibriados [******]
Gold:   819        SH:  0    Dex: 30    Spells: 6/26 levels left

rFire   + . .        b - +2 broad axe (protect)
rCold   + + .        (no shield)
rNeg    . . .        A - +3 leather armour of Sin {rElec MP+9}
rPois   .            d - +2 helmet
rElec   +            a - +0 cloak
rCorr   .            K - +0 pair of gloves of Cityiw {+Inv rF+}
SInv    .            (no boots)
Will    ++...        r - amulet of regeneration
Stlth   +            J - ring of Ublups {rC++ Will+ Str+5 Int+6}
HPRegen 1.17/turn    O - ring of flight
MPRegen 0.23/turn

%: no passive effects
@: flying, glowing, very slow
A: sense surroundings 2, otherworldly, glowing, explore regen
a: Renounce Religion, Evoke Invisibility, Bend Time, Temporal Distortion,
Slouch, Step From Time


You were on level 5 of the Lair of Beasts.
You worshipped Cheibriados.
Cheibriados was exalted by your worship.
You visited 3 branches of the dungeon, and saw 17 of its levels.
You also visited: Ossuary and Bailey.

You collected 1950 gold pieces.
You spent 1131 gold pieces at shops.

Inventory:

Hand Weapons
 b - a +2 broad axe of protection (weapon)
 e - a +3 trident of freezing
 k - a +2 hand axe of electrocution
Missiles
 n - 7 boomerangs
 z - 6 curare-tipped darts (quivered)
 B - 7 throwing nets
Armour
 a - a +0 cloak (worn)
 d - a +2 helmet (worn)
 A - the +3 leather armour of Sin (worn) {rElec MP+9}
   (You found it on level 7 of the Dungeon)

   rElec:     It insulates you from electricity.
   MP:        It affects your magic capacity (+9).
 K - the +0 pair of gloves of Cityiw (worn) {+Inv rF+}
   (You found it on level 10 of the Dungeon)

   rF:        It protects you from fire.
   +Inv:      It lets you turn invisible.
Magical Staves
 g - the staff of conjuration "Sacit" {rCorr}
   (You found it on level 5 of the Lair of Beasts)

   [staff of conjuration]

   Base accuracy: +5 Base damage: 5 Base attack delay: 1.2 This weapon's minimum
   attack delay (0.6) is reached at skill level 12.
   rCorr:     It protects you from acid and corrosion.
   It falls into the 'Staves' category.
   It is a one-handed weapon.
 P - a staff of air
Jewellery
 r - an amulet of regeneration (around neck)
 J - the ring of Ublups (left hand) {rC++ Will+ Str+5 Int+6}
   (You found it in a bailey)

   [ring of intelligence]

   Str:       It affects your strength (+5).
   Int:       It affects your intelligence (+6).
   rC:        It greatly protects you from cold.
   Will:      It increases your willpower.
 N - a ring of ice
 O - a ring of flight (right hand)
Wands
 D - a wand of flame (28)
 E - a wand of light (6)
Scrolls
 f - a scroll of amnesia
 i - 4 scrolls of teleportation
 j - 3 scrolls of fear
 o - a scroll of immolation {unknown}
 p - 2 scrolls of enchant weapon {unknown}
 s - a scroll of noise {unknown}
 v - 2 scrolls of blinking
 C - 2 scrolls of poison
 R - a scroll of fog
Potions
 c - 3 potions of might
 h - 3 potions of heal wounds
 l - a potion of attraction
 m - 3 potions of flight
 q - a potion of berserk rage
 t - 2 potions of lignification
 u - 4 potions of ambrosia
 w - 3 potions of mutation
 x - 5 potions of haste
 F - 2 potions of brilliance
 G - a potion of resistance
 H - 5 potions of magic
 M - 5 potions of curing
 Q - a potion of cancellation
Miscellaneous
 L - a condenser vane


   Skills:
 - Level 5.4 Fighting
 + Level 5.6 Axes
 - Level 6.0 Armour
 + Level 9.5 Dodging
 - Level 1.6 Stealth
 - Level 6.5 Spellcasting
 - Level 9.6 Conjurations
 - Level 13.0 Summonings
 - Level 1.7 Transmutations
 - Level 5.0 Ice Magic
 * Level 9.5 Air Magic
 - Level 8.0 Earth Magic
 - Level 12.2 Invocations


You had 6 spell levels left.
You knew the following spells:

 Your Spells              Type           Power      Damage    Failure   Level
a - Sandblast             Erth           100%       2d20      1%          1
b - Passwall              Tmut/Erth      44%        N/A       1%          2
c - Stone Arrow           Conj/Erth      100%       3d13      1%          3
d - Summon Cactus Giant   Summ           44%        N/A       1%          6
e - Frozen Ramparts       Ice            100%       1d16      1%          3
f - Freezing Cloud        Conj/Ice/Air   34%        6-21      2%          5

Your spell library contained the following spells:

 Spells                   Type           Power      Damage    Failure   Level
 Foxfire                  Conj/Fire      100%       2x1d9     1%          1
 Freeze                   Ice            100%       1d10      1%          1
 Cigotuvi's Dreadful Rot  Necr/Pois/Air  80%        N/A       1%          2
 Ensorcelled Hibernation  Hex/Ice        68%        N/A       1%          2
 Static Discharge         Conj/Air       100%       2-7/arc   1%          2
 Hailstorm                Conj/Ice       66%        3d14      1%          3
 Swiftness                Air            76%        N/A       1%          3
 Scorch                   Fire           26%        2d6       3%          2
 Flame Wave               Conj/Fire      53%        2d13      3%          4
 Petrify                  Tmut/Erth      53%        N/A       3%          4
 Ignite Poison            Fire/Tmut/Pois 18%        N/A       6%          3
 Fireball                 Conj/Fire      26%        3d12      10%         5
 Plasma Beam              Fire/Air       26%        2x1d42    45%         6
 Starburst                Conj/Fire      26%        6d8       45%         6
 Chain Lightning          Conj/Air       38%        3d50      100%        9


Dungeon Overview and Level Annotations

Branches:
Dungeon (11/15) Zot: 5608  Temple (1/1) D:7 Zot: 787    Lair (5/5) D:11 Zot: 2422
 Shoals (0/4) Lair:2        Slime (0/5) Lair:4      Ossuary (visited)
 Bailey (visited)
  Snake: Lair:2-3    Spider: Lair:2-3       Orc: D:9-12

Altars:
Ashenzari
Cheibriados
Dithmenos
Elyvilon
Fedhas
Gozag
Hepliaklqana
Kikubaaqudgha
Makhleb
Nemelex Xobeh
Okawaru
Qazlal
Ru
Sif Muna
Trog
Uskayaw
Vehumet
Wu Jian
Xom
Yredelemnul
Zin
The Shining One

Shops:
D:5 (!*

Annotations:
D:3 Grinder
Lair:5 exclusion: obsidian statue


Innate Abilities, Weirdness & Mutations

You passively map the area around you.
You are easily found by Zot.
You glow in the dark.
You regain HP and MP as you explore.


Message History

Aiming: Stone Arrow (safe; 1% risk of failure)
Press: ? - help, Shift-Dir - straight line, f - dire elephant
Aim: a dire elephant (severely wounded, ally target, 100% to hit)
The stone arrow hits the dire elephant!
The dire elephant is severely wounded.
The dire elephant completely misses you.
The dire elephant trunk-slaps you.
The dire elephant simulacrum barely misses you.
The dire elephant simulacrum trunk-slaps you but does no damage.
Unknown command.
Unknown command.
Unknown command.
Casting: Stone Arrow (safe; 1% risk of failure)
Confirm with . or Enter, or press ? or * to list all spells.
Aiming: Stone Arrow (safe; 1% risk of failure)
Press: ? - help, Shift-Dir - straight line, f/p - dire elephant
Aim: a dire elephant (severely wounded, ally target, 100% to hit)
The stone arrow hits the dire elephant but does no damage.
The dire elephant is severely wounded.
The dire elephant tramples you but does no damage.
The dire elephant trunk-slaps you but does no damage.
Your cactus giant hits the dire elephant with a +0 giant spiked club!
The dire elephant simulacrum tramples you!!
* * * LOW HITPOINT WARNING * * *
You hold your ground!
The dire elephant simulacrum trunk-slaps you but does no damage.
Unknown command.
Casting: Stone Arrow (safe; 1% risk of failure)
Confirm with . or Enter, or press ? or * to list all spells.
Aiming: Stone Arrow (safe; 1% risk of failure)
Press: ? - help, Shift-Dir - straight line, f/p - dire elephant
Aim: a dire elephant (almost dead, ally target, 100% to hit)
The stone arrow hits the dire elephant!!
You kill the dire elephant!
Cheibriados thoroughly appreciates the change of pace.
Unknown command.
Unknown command.
You swap places.
The dire elephant simulacrum tramples you!!
You die...

#'''########* ,,
...........###,,, ######## ,
8.⌠.8#####P..# #PPP..8# *,
#8P8###.~###.#### #P....)#
######.~~~ #....####.....8#
8.pY8#≈≈≈≈,####...P#'########
?/...'≈≈≈~.#8.####.#)# , #
}$...'p≈~..'§..C.#..P# ##
8...8##~~.##8..Z@#..8# *8♣# *
*## **####''#''####♣♣$.P#
#.......#.P...#
#...........♣P# ###P......P♣♣
##.#.#.#♣♣ #######


You could see a dire elephant simulacrum (ally target) and a friendly cactus
giant (summoned).

Vanquished Creatures
  3 dire elephants (Lair:5)
  Fannar (Lair:2)
  Harold (Lair:1)
  A skyshark (Lair:2)
  2 necromancers (Lair:5)
  An orc knight (Bailey)
  Joseph (D:7)
  7 elephants
  2 black mambas
  An orange demon (D:8)
  7 cane toads (Lair:2)
  A torpor snail (Lair:2)
  A kobold demonologist (D:11)
  2 komodo dragons
  A rime drake (Lair:1)
  9 blink frogs
  2 dream sheep (Lair:2)
  A vampire (D:11)
  A shadow (D:9)
  4 wyverns
  4 basilisks
  4 steam dragons
  12 yaks
  2 spectral cane toads (Lair:5)
  A vampire mosquito (D:7)
  3 water moccasins
  7 orc warriors (Bailey)
  3 sky beasts
  A centaur (D:10)
  An ogre (D:6)
  A phantom (D:6)
  An elephant skeleton (Lair:5)
  9 kobold brigands
  4 scorpions
  5 bullfrogs
  A gnoll sergeant (D:7)
  A cane toad simulacrum (Lair:5)
  4 killer bees
  5 howler monkeys (D:7)
  2 jellies (D:6)
  3 hounds
  2 orc priests
  A gnoll bouda (D:6)
  A sleepcap (D:5)
  An iguana (D:11)
  4 orc wizards
  4 mummies (Ossuary)
  18 gnolls
  3 adders
  7 white imps
  An ufetubus (D:5)
  A dart slug (D:4)
  21 orcs
  An endoplasm (D:4)
  15 goblins
  10 hobgoblins
  3 jackals (D:3)
  20 kobolds
  2 quokkas (D:1)
  2 ball pythons
  2 bats
  A frilled lizard (D:1)
  2 rats (D:1)
245 creatures vanquished.

Vanquished Creatures (collateral kills)
  An orc warlord (Bailey)
  2 death yaks
  A spectral dire elephant (Lair:5)
  Amaemon (D:8)
  A skyshark (Lair:3)
  A spectral anaconda (Lair:5)
  A necromancer (Lair:5)
  3 elephants
  A dire elephant zombie (Lair:5)
  A black mamba (Lair:1)
  4 cane toads
  A kobold demonologist (D:11)
  A rime drake (Lair:1)
  A hornet (D:10)
  3 blink frogs
  3 wyverns
  A wraith (D:11)
  3 yaks
  A basilisk (Lair:1)
  A steam dragon (D:9)
  3 death yak simulacra (Lair:5)
  6 water moccasins
  2 acid dragons (D:10)
  4 orc warriors (Bailey)
  A sky beast (D:10)
  A black bear (Lair:1)
  3 elephant zombies (Lair:5)
  An ogre (D:6)
  An elephant skeleton (Lair:5)
  8 kobold brigands (D:11)
  2 bullfrogs
  2 cane toad simulacra (Lair:5)
  4 elephant simulacra (Lair:5)
  A killer bee (D:8)
  A gnoll bouda (D:6)
  5 gnolls
  7 white imps (Lair:3)
  3 orcs (Bailey)
  2 goblins (Bailey)
  8 kobolds
97 creatures vanquished.

Vanquished Creatures (others)
  A gnoll (D:6)
  14 fungi
  17 plants
  23 withered plants
55 creatures vanquished.

Grand Total: 397 creatures vanquished

Notes
Turn   | Place    | Note
-------+----------+-------------------------------------------
     0 | D:1      | redmage the Meteoran Earth Elementalist began the quest for
                  | the Orb.
     0 | D:1      | Reached XP level 1. HP: 14/14 MP: 5/5
    37 | D:1      | Reached XP level 2. HP: 14/20 MP: 0/6
    84 | D:1      | Learned a level 2 spell: Passwall
   102 | D:2      | Found a glowing golden altar of the Shining One.
   177 | D:4      | Reached XP level 3. HP: 18/26 MP: 2/8
   181 | D:4      | Learned a level 3 spell: Stone Arrow
   315 | D:5      | Entered Level 5 of the Dungeon
   315 | D:5      | Found Quuhoylo's General Store.
   315 | D:5      | Found Sisho's Distillery.
   315 | D:5      | Found Jiqeolumil's Weapon Shop.
   345 | D:4      | Found a sand-covered staircase.
   349 | Ossuary  | Entered an ossuary
   359 | Ossuary  | Reached skill level 1 in Conjurations
   361 | Ossuary  | Reached XP level 4. HP: 33/33 MP: 3/9
   396 | Ossuary  | Reached XP level 5. HP: 38/38 MP: 1/10
   458 | D:4      | Reached skill level 5 in Earth Magic
   458 | D:4      | Reached XP level 6. HP: 13/45 MP: 0/11
   472 | D:3      | Noticed Grinder
   615 | D:4      | Reached skill level 5 in Conjurations
   703 | D:6      | Reached XP level 7. HP: 50/50 MP: 10/12
   864 | D:6      | Noticed a water moccasin
   870 | D:6      | Killed a water moccasin
   871 | D:6      | Reached XP level 8. HP: 13/57 MP: 8/13
   884 | D:6      | Noticed a steam dragon
   919 | D:6      | Killed a steam dragon
  1107 | D:7      | Found a staircase to the Ecumenical Temple.
  1111 | Temple   | Entered the Ecumenical Temple
  1152 | Temple   | Became a worshipper of Cheibriados the Contemplative
  1262 | D:5      | Gained mutation: You passively map the area around you.
                  | [Meteoran growth]
  1262 | D:5      | Reached XP level 9. HP: 47/62 MP: 4/14
  1416 | D:5      | Bought a potion of ambrosia for 80 gold pieces
  1416 | D:5      | Bought a potion of curing for 30 gold pieces
  1416 | D:5      | Bought a potion of mutation for 80 gold pieces
  1507 | D:8      | Found a flagged portal.
  1533 | D:7      | Learned a level 6 spell: Summon Cactus Giant
  1600 | D:7      | Reached skill level 1 in Summonings
  1613 | D:7      | HP: 3/62 [poisoned by a kobold brigand (curare-tipped
                  | dart)]
  1632 | D:7      | Reached skill level 2 in Summonings
  1646 | D:7      | Reached * piety under Cheibriados
  1647 | D:7      | Reached skill level 3 in Summonings
  1650 | D:7      | Reached skill level 4 in Summonings
  1703 | D:7      | Reached skill level 5 in Summonings
  1711 | D:7      | Noticed Joseph
  1722 | D:7      | Killed Joseph
  1723 | D:7      | Reached skill level 7 in Summonings
  1735 | D:7      | Identified the +3 leather armour of Sin {rElec MP+9}
  1784 | D:7      | Reached XP level 10. HP: 67/69 MP: 3/15
  1796 | D:7      | Reached skill level 8 in Summonings
  1807 | D:8      | Noticed Amaemon
  1966 | Bailey   | Entered a bailey
  1971 | Bailey   | Learned a level 3 spell: Frozen Ramparts
  1987 | Bailey   | Reached ** piety under Cheibriados
  2005 | Bailey   | Reached skill level 1 in Ice Magic
  2092 | Bailey   | Noticed an orc knight
  2096 | Bailey   | Reached skill level 9 in Summonings
  2100 | Bailey   | Killed an orc knight
  2101 | Bailey   | Reached skill level 10 in Summonings
  2144 | Bailey   | Reached skill level 11 in Summonings
  2175 | Bailey   | Noticed an orc warlord
  2179 | Bailey   | Reached *** piety under Cheibriados
  2189 | Bailey   | Killed an orc warlord
  2190 | Bailey   | Reached skill level 12 in Summonings
  2190 | Bailey   | Reached XP level 11. HP: 61/74 MP: 14/16
  2225 | Bailey   | Identified the ring of Ublups {rC++ Will+ Str+5 Int+6}
  2230 | Bailey   | Acquired 1004 gold pieces
  2307 | D:8      | Killed Amaemon
  2308 | D:8      | Reached skill level 1 in Invocations
  2467 | D:5      | Bought a scroll of identify for 26 gold pieces
  2467 | D:5      | Bought a condenser vane for 520 gold pieces
  2467 | D:5      | Bought a potion of mutation for 104 gold pieces
  2467 | D:5      | Bought a potion of heal wounds for 65 gold pieces
  2467 | D:5      | Bought a scroll of identify for 26 gold pieces
  2612 | D:5      | Bought 2 potions of magic for 160 gold pieces
  2612 | D:5      | Bought a potion of might for 40 gold pieces
  2744 | D:9      | Reached skill level 13 in Summonings
  2744 | D:9      | Reached skill level 5 in Ice Magic
  2827 | D:10     | Entered Level 10 of the Dungeon
  2830 | D:10     | Reached skill level 1 in Armour
  2837 | D:10     | Reached skill level 1 in Fighting
  2922 | D:10     | Paralysed by a hornet for 1 turns
  2964 | D:9      | Reached **** piety under Cheibriados
  3062 | D:10     | Identified the +9 whip "Ulouh" {flame, Will++ MP-9 Int+3}
  3074 | D:10     | Identified the +0 pair of gloves of Cityiw {+Inv rF+}
  3103 | D:10     | Reached skill level 5 in Invocations
  3191 | D:11     | Noticed a sixfirhy
  3194 | D:11     | Reached XP level 12. HP: 82/89 MP: 10/19
  3234 | D:11     | Reached ***** piety under Cheibriados
  3297 | D:11     | Reached skill level 5 in Dodging
  3298 | D:11     | Reached skill level 5 in Spellcasting
  3306 | D:11     | Found a staircase to the Lair.
  3319 | Lair:1   | Entered Level 1 of the Lair of Beasts
  3342 | Lair:2   | Noticed Fannar
  3342 | Lair:2   | Noticed a skyshark
  3352 | Lair:1   | Noticed Harold
  3359 | Lair:1   | Killed Harold
  3456 | Lair:1   | Reached skill level 5 in Armour
  3593 | Lair:2   | Reached skill level 5 in Fighting
  3595 | Lair:2   | Killed a skyshark
  3616 | Lair:2   | Killed Fannar
  3617 | Lair:2   | Reached XP level 13. HP: 68/100 MP: 8/23
  3703 | Lair:3   | Got Acynnono's Discourse on Aeromancy and Refrigeration
  3722 | Lair:3   | Noticed a death yak
  3722 | Lair:3   | Noticed a death yak
  3727 | Lair:3   | Noticed a death yak
  3729 | Lair:3   | Noticed a death yak
  3729 | Lair:3   | Killed a death yak
  3730 | Lair:3   | Reached skill level 1 in Air Magic
  3730 | Lair:3   | Reached skill level 10 in Invocations
  3817 | Lair:1   | Found a shadowy altar of Dithmenos.
  3829 | Lair:1   | Learned a level 5 spell: Freezing Cloud
  3915 | Lair:2   | Identified the +2 leather armour of Polish {Will+ rCorr}
  3961 | Lair:2   | Reached skill level 1 in Axes
  3961 | Lair:2   | Reached skill level 5 in Air Magic
  3963 | Lair:2   | Reached ****** piety under Cheibriados
  3975 | Lair:2   | Found a staircase to the Shoals.
  4195 | Lair:5   | Entered Level 5 of the Lair of Beasts
  4280 | Lair:5   | Noticed a dire elephant
  4280 | Lair:5   | Noticed a dire elephant
  4286 | Lair:5   | Reached XP level 14. HP: 94/107 MP: 24/24
  4291 | Lair:5   | Noticed a dire elephant
  4299 | Lair:5   | Killed a dire elephant
  4402 | Lair:5   | Identified the staff of conjuration "Sacit" {rCorr}
  4503 | Lair:5   | Reached skill level 5 in Axes
  4536 | Lair:5   | HP: 5/107 [dire elephant (23)]
  4546 | Lair:5   | Killed a dire elephant
  4551 | Lair:5   | Killed a dire elephant
  4552 | Lair:5   | Slain by a dire elephant simulacrum

Illustrated notes

Levels and vault maps discovered:
D:1:      dpeg_arrival_rooms_with_view, layout_loops_ring, serial_shops,
          nicolae_shop_bloodbath_and_beyond
D:2:      layout_basic, basic_altar, hex_large
D:3:      layout_basic, grunt_dithmenos_smoke, uniq_grinder
D:4:      layout_loops_corners, lightli_ossuary_entry_decrepit_ruins
D:5:      layout_layer_cave, minmay_misc_feat_ornament,
          nicolae_shop_distant_corner_stores
D:6:      layout_basic
D:7:      layout_layer_cave, minmay_temple_entry_glassed_door, uniq_joseph
D:8:      lemuel_castle_with_subvaults [lemuel_castle_interior_carwin_3],
          layout_basic, enter_bailey_2, minmay_microvault, uniq_amaemon
D:9:      layout_stronghold, hangedman_misty_isle
D:10:     layout_cave_pools, st_stairs_8, uniq_maggie
D:11:     layout_roguey [special_room_kobold], minmay_lair_entry_grove,
          orc_0_dummy, uniq_urug
Temple:   kilobyte_greek_temple
Lair:1:   layout_gridlike, basic_altar, chequers_serial_rivers_micro_b,
          grunt_forest_small_clearings, serial_bayou_shore_b,
          grunt_megastairs_4, uniq_harold
Lair:2:   layout_cave_pods, elwin_shoals_entry_rocks, beast_lair_carwin_3,
          uniq_fannar
Lair:3:   layout_gridlike, spider_nest_entry_web_field,
          portal_ice_cave_entry_imps
Lair:4:   layout_regular_city, slime_entry_1, chequers_serial_rivers_micro_c,
          serial_bayou_ford_a, grunt_megastairs_1
Lair:5:   due_jungle_book, layout_cave_pods, nicolae_lair_lil_pond,
          minmay_hedge_maze, st_stairs_7, pond, serial_bayou_shore_b,
          infiniplex_staircase_pool

Skill      XL: |  1  2  3  4  5  6  7  8  9 10 11 12 13 14 |
---------------+-------------------------------------------+-----
Spellcasting   | 3 4 6 |  6.5
Conjurations   | 2 3 4 5 7 9 |  9.6
Earth Magic    | 4 5 6 7 8 |  8.0
Summonings     | 7 12 13 | 13.0
Ice Magic      | 3 5 |  5.0
Invocations    | 6 9 12 | 12.2
Armour         | 3 5 6 |  6.0
Dodging        | 4 6 8 9 |  9.5
Fighting       | 3 5 |  5.4
Air Magic      | 6 9 |  9.5
Axes           | 3 5 |  5.6
Stealth        | |  1.6
Transmutations | |  1.7

Action                     |  1- 3 |  4- 6 |  7- 9 | 10-12 | 13-15 || total
---------------------------+-------+-------+-------+-------+-------++-------
  Melee: Unarmed           |     4 |       |       |       |       ||     4
         Staff             |       |     9 |       |       |       ||     9
         Hand axe          |       |       |    29 |    78 |    44 ||   151
         Broad axe         |       |       |       |       |     7 ||     7
         Punch             |       |       |       |       |     1 ||     1
  Throw: Dart              |       |       |    12 |     1 |       ||    13
   Cast: Sandblast         |    29 |    39 |    41 |    35 |    47 ||   191
         Passwall          |     2 |     3 |     3 |    10 |       ||    18
         Stone Arrow       |       |     2 |    35 |    53 |    47 ||   137
         Frozen Ramparts   |       |       |       |    23 |     9 ||    32
         Summon Cactus Gia |       |       |       |    24 |    29 ||    53
         Freezing Cloud    |       |       |       |       |     6 ||     6
    Use: Scroll            |     5 |       |       |    13 |     4 ||    22
         Potion            |       |     1 |     1 |     2 |     8 ||    12
 Armour: Robe              |     2 |    10 |    13 |       |       ||    25
         Leather armour    |       |       |    20 |    78 |    65 ||   163
  Dodge: Dodged            |     6 |    14 |    45 |   115 |   143 ||   323
